 Dungeon Crawl Stone Soup version 0.25.1-2-g60ff931df9 (webtiles) character file.

Game seed: 1215853463616590518

437 DearestLeader the Skirmisher (level 6, 0/49 HPs)
             Began as a Demonspawn Gladiator on Oct 21, 2020.
             Slain by a howler monkey (2 damage)
             ... on level 5 of the Dungeon.
             The game lasted 00:06:48 (4071 turns).

DearestLeader the Skirmisher (Demonspawn Gladiator) Turns: 4071, Time: 00:06:49

Health: 0/49       AC: 15    Str: 17    XL:     6   Next: 69%
Magic:  6/6        EV:  6    Int:  9    God:
Gold:   188        SH:  4    Dex: 14    Spells: 5/5 levels left

rFire    . . .     SeeInvis .   a - +0 war axe
rCold    + . .     Gourm    .   (no shield)
rNeg     + . .     Faith    .   n - +0 plate armour
rPois    .         Spirit   .   u - +1 helmet
rElec    .         Reflect  .   r - +0 cloak
rCorr    +         Harm     .   l - +0 pair of gloves
MR       .....                  (no boots)
Stlth    ..........             (no amulet)
HPRegen  0.16/turn              j - ring of resist corrosion
MPRegen  0.10/turn              p - ring of positive energy

@: no status effects
A: claws 1, large bone plates 1, cold resistance 1
a: no special abilities


You were on level 5 of the Dungeon.
You were not hungry.

You visited 2 branches of the dungeon, and saw 6 of its levels.

You collected 188 gold pieces.

Inventory:

Hand Weapons
 a - a +0 war axe (weapon)
Missiles
 d - 3 throwing nets (quivered)
Armour
 l - a +0 pair of gloves (worn)
 n - a +0 plate armour (worn)
 r - a +0 cloak (worn)
 u - a +1 helmet (worn)
Jewellery
 j - a ring of resist corrosion (left hand)
 p - a ring of positive energy (right hand)
Wands
 k - a wand of paralysis (12)
 s - a wand of polymorph (1)
 v - a wand of iceblast (10)
Scrolls
 c - 2 scrolls of teleportation {unknown}
 h - a scroll of fear
 i - 3 scrolls of remove curse {unknown}
 o - a scroll of amnesia {unknown}
Potions
 e - 2 potions of stabbing
 g - a potion of curing
 m - 2 potions of ambrosia
 q - 2 potions of lignification
 t - a potion of flight
Comestibles
 b - 4 chunks of flesh
 f - 10 rations


   Skills:
 * Level 4.7 Fighting
 - Level 4.2 Axes
 - Level 1.7 Throwing
 + Level 3.0 Armour
 - Level 3.0 Dodging
 + Level 0.7 Unarmed Combat


You had 5 spell levels left.
You didn't know any spells.
Your spell library was empty.

Dungeon Overview and Level Annotations

Branches:
Dungeon (5/15)             Temple (1/1) D:4

Altars:
Ashenzari
Dithmenos
Fedhas
Nemelex Xobeh
Okawaru
Wu Jian
Xom
Yredelemnul
Zin
Lugonu

Annotations:
D:4 3 runed translucent doors, smzp's ghost, amateur DsAK


Innate Abilities, Weirdness & Mutations

You have sharp fingernails.
You are partially covered in large bone plates. (SH +4)
Your flesh is cold resistant. (rC+)


Message History

You slash the ogre!
You kill the ogre!
Your Armour skill increases to level 3!
You hit the howler monkey. The howler monkey hits you.
* * * LOW HITPOINT WARNING * * *
The howler monkey hoots and howls with incredible vigour!
You hear a shout!
The howler monkey barely misses you.
You barely miss the howler monkey.
The howler monkey is heavily wounded.
The howler monkey hits you but does no damage.
You block the howler monkey's attack.
You closely miss the howler monkey.
The howler monkey is heavily wounded.
The howler monkey hits you but does no damage.
The howler monkey hoots and howls with incredible vigour!
You hit the howler monkey but do no damage.
The howler monkey is heavily wounded.
The howler monkey hits you.
You die...

### ### #.#####.#
#.....#.#
#...#.#.###
#.#.#.#)..#
###.#.#.#^###
#...#@h.....#
#.#.#######.#
###...####
#######<.........
.................
.................
####.###.##.###.#
#. ..# ... .# #
#+# ####


You could see a howler monkey.

Vanquished Creatures
  An ogre (D:5)
  A scorpion (D:2)
  An orc priest (D:4)
  An orc wizard (D:4)
  Ijyb (D:3)
  Natasha (twice) (D:2)
  A worker ant (D:4)
  Robin (D:2)
  3 adders
  6 worms
  2 dart slugs (D:1)
  A leopard gecko (D:3)
  5 orcs (D:4)
  2 ball pythons
  5 giant cockroaches
  15 goblins
  11 hobgoblins
  3 jackals (D:3)
  6 kobolds
  2 quokkas
  3 bats (D:1)
  4 frilled lizards
  8 rats
85 creatures vanquished.

Vanquished Creatures (others)
  A fungus (D:4)
1 creature vanquished.

Grand Total: 86 creatures vanquished

Notes
Turn   | Place    | Note
-------+----------+-------------------------------------------
     0 | D:1      | DearestLeader the Demonspawn Gladiator began the quest for
                  | the Orb.
     0 | D:1      | Reached XP level 1. HP: 16/16 MP: 1/1
   161 | D:1      | Gained mutation: You are partially covered in large bone
                  | plates. (SH +4) [demonic ancestry]
   161 | D:1      | Reached XP level 2. HP: 22/22 MP: 2/2
   762 | D:1      | Reached XP level 3. HP: 20/27 MP: 3/3
  1257 | D:2      | Noticed Natasha
  1261 | D:2      | Killed Natasha
  1261 | D:2      | Reached skill level 1 in Armour
  1330 | D:2      | Noticed Natasha
  1333 | D:2      | Gained mutation: You have sharp fingernails. [demonic
                  | ancestry]
  1333 | D:2      | Reached XP level 4. HP: 32/33 MP: 4/4
  1368 | D:2      | HP: 1/33 [Natasha (4)]
  1372 | D:2      | Killed Natasha
  1673 | D:2      | Reached XP level 5. HP: 27/39 MP: 5/5
  1862 | D:2      | Noticed Robin
  1878 | D:2      | Killed Robin
  2462 | D:3      | Noticed Ijyb
  2473 | D:3      | Killed Ijyb
  3015 | D:4      | Found a staircase to the Ecumenical Temple.
  3029 | Temple   | Entered the Ecumenical Temple
  3358 | D:4      | Gained mutation: Your flesh is cold resistant. (rC+)
                  | [demonic ancestry]
  3358 | D:4      | Reached XP level 6. HP: 32/48 MP: 6/6
  3958 | D:4      | Found a runed translucent gate.
  3958 | D:4      | Found a runed translucent gate.
  3958 | D:4      | Found a runed translucent gate.
  3962 | D:4      | Noticed smzp's ghost (amateur DsAK)
  3962 | D:4      | Identified the +3 dagger "Zoin" {pain, Dex+2}
  4038 | D:5      | Entered Level 5 of the Dungeon
  4065 | D:5      | HP: 1/49 [howler monkey (3)]
  4071 | D:5      | Slain by a howler monkey

Illustrated notes

Levels and vault maps discovered:
D:1:      dpeg_arrival_tiny_a, layout_loops_cross, minivault_4,
          hangedman_decor_slide_cut
D:2:      layout_basic, uniq_robin, uniq_natasha
D:3:      layout_loops_cross, serial_glass, glass_columns_b, glass_columns_b,
          uniq_ijyb
D:4:      layout_cave_pods, minmay_temple_entry_stoned_glass, first_ration,
          gammafunk_ghost_nasty_kobolds
D:5:      layout_basic, grunt_temple_overflow_magic_moments
Temple:   corrupted_temple

Skill      XL: |  1  2  3  4  5  6 |
---------------+-------------------+-----
Axes           | 3 4 |  4.2
Dodging        | 3 |  3.0
Armour         | 1 2 3 |  3.0
Fighting       | 4 |  4.7
Throwing       | |  1.7
Unarmed Combat | |  0.7

Action                   |  1- 3 |  4- 6 || total
-------------------------+-------+-------++-------
Melee: War axe           |    99 |   192 ||   291
       Unarmed           |       |     3 ||     3
Throw: Throwing net      |     1 |       ||     1
  Use: Potion            |       |     3 ||     3
       Scroll            |       |     5 ||     5
 Stab: Held in net/web   |     1 |       ||     1
  Eat: Chunk             |     1 |     9 ||    10
Armor: Leather armour    |    20 |       ||    20
       Plate armour      |     9 |   142 ||   151
       Skin              |       |     1 ||     1
Dodge: Dodged            |    60 |    49 ||   109
Block: Other             |    12 |    29 ||    41
